 Dungeon Crawl Stone Soup version 0.18-a0-705-g580043c (webtiles) character file.

882 Korkiloff the Ducker (level 7, 0/78 HPs)
             Began as a Demonspawn Wanderer on Dec 7, 2015.
             Was an Initiate of Kikubaaqudgha.
             Slain by an orc
             ... wielding a +0 dagger
              (3 damage)
             ... on level 3 of the Dungeon.
             The game lasted 00:27:27 (4621 turns).

Korkiloff the Ducker (Demonspawn Wanderer)          Turns: 4621, Time: 00:27:27

Health: 0/78       AC:  6    Str: 17    XL:     7   Next: 76%
Magic:  11/11      EV: 14    Int: 15    God:    Kikubaaqudgha [......]
Gold:   133        SH:  0    Dex: 13    Spells: 2 memorised, 8 levels left

rFire  . . .     SeeInvis .     n - +0 short sword (drain)
rCold  . . .     Clarity  .     e - +0 robe
rNeg   . . .     SustAt   .     (no shield)
rPois  .         Gourm    .     (no helmet)
rElec  .         Spirit   .     H - +0 cloak
rCorr  .         Dismiss  .     w - +0 pair of gloves
rMut   .         Stasis   .     (no boots)
MR     .....                    (no amulet)
Stlth  ..........               (no ring)
                                (no ring)

@: berserking (expiring), very quick, not resistant to hostile enchantments,
extremely unstealthy
A: hooves 1, rugged brown scales 2, powered by pain 1
a: Renounce Religion


You were on level 3 of the Dungeon.
You worshipped Kikubaaqudgha.
Kikubaaqudgha was noncommittal.
You were not hungry.

You visited 1 branch of the dungeon, and saw 4 of its levels.

You collected 133 gold pieces.

Inventory:

Hand Weapons
 f - a +0 club
 h - a +0 hunting sling
 j - a +0 short sword
 k - a +0 club
 l - a +0 mace
 m - a +0 dagger
 n - a +0 short sword of draining (weapon)
 C - a +1 short sword of flaming
 E - a +0 war axe
 G - a +0 dagger
 I - a +0 shortbow
 J - a +0 scythe
Missiles
 i - 17 sling bullets
 A - 6 tomahawks (quivered)
 L - 22 arrows
Armour
 e - a +0 robe (worn)
 o - a cursed +0 robe
 q - a +0 robe
 w - a +0 pair of gloves (worn)
 H - a +0 cloak (worn)
 K - a +0 robe
 M - a +0 leather armour of cold resistance
 N - a +1 leather armour of cold resistance
Jewellery
 r - an uncursed ring of wizardry {unknown}
Wands
 b - a wand of magic darts (5)
Scrolls
 a - a scroll of fear {unknown}
 p - a scroll of blinking {unknown}
 s - 2 scrolls of immolation {unknown}
 t - 3 scrolls of remove curse {unknown}
 u - a scroll of random uselessness {unknown}
 v - a scroll of teleportation {unknown}
 y - 3 scrolls of identify {unknown}
 R - a scroll of enchant weapon {unknown}
Potions
 d - 4 potions of curing
 x - 2 potions of lignification {unknown}
 z - a potion of poison {unknown}
 B - 3 potions of flight {unknown}
 F - 2 potions of cancellation {unknown}
 Q - a potion of mutation {unknown}
Books
 c - the Tome of Darkness

   Spells                             Type                      Level
   a - Pain                           Necromancy                   1
   b - Regeneration                   Charms/Necromancy            3
Comestibles
 g - 2 bread rations
 P - a meat ration


   Skills:
 + Level 2.2 Fighting
 + Level 1.9 Short Blades
 + Level 1.0(2.3) Slings
 + Level 3.2(3.3) Throwing
 + Level 4.6 Dodging
 + Level 2.2 Stealth
 + Level 2.1 Unarmed Combat
 + Level 3.2 Spellcasting
   Level 1.0 Summonings
 + Level 2.9 Necromancy
   Level 1.7 Ice Magic


You had 8 spell levels left.
You knew the following spells:

 Your Spells              Type           Power        Failure   Level  Hunger
a - Pain                  Necr           ##..         8%          1    #......
b - Regeneration          Chrm/Necr      #.........   34%         3    ###....


Dungeon Overview and Level Annotations

Branches:
Dungeon (4/15)
 Temple: D:4-7

Altars:
Ashenzari
Dithmenos
Kikubaaqudgha
Zin


Innate Abilities, Weirdness & Mutations

You have large cloven feet.
You are mostly covered in rugged brown scales (AC +2, +5% HP).
You sometimes gain a little power by taking damage.


Message History

* * * LOW HITPOINT WARNING * * *
You closely miss something. You kick something.
You hear some strange, mumbled words.
A magic dart appears from out of thin air!
The magic dart hits you!
* * * LOW HITPOINT WARNING * * *
The orc priest casts a cantrip, but nothing happens.
You puncture something! Kikubaaqudgha accepts your kill.
Reactivating autopickup.
You feel a bit more experienced.
You puncture the rat!
You kill the rat!
Kikubaaqudgha accepts your kill.
You puncture the orc priest!
You kill the orc priest!
Kikubaaqudgha accepts your kill. The orc hits you with a dagger.
You die...
Kikubaaqudgha rasps: "You have failed me!
Welcome... death!"

# ##########
#######........#
.............#.#
...####.####.#.#
...#....# #.#.#
.)....### #.#.#
..##..# #.#.#
..##..# #.#.####
..##....
#.#..@.#
..'......
#.####o#
..###....# #.#
.# ....#....# .#
....#.#### .#
...... (# ######
.# ... .# ###


You could see an orc.

Vanquished Creatures
  Sigmund (D:3)
  2 phantoms (D:4)
  An ogre (D:3)
  A centaur (D:4)
  A jelly (D:4)
  An orc priest (D:3)
  3 orc wizards
  4 worker ants (D:4)
  4 adders
  3 gnolls (D:2)
  An adder skeleton (D:4)
  4 worms
  8 orcs
  3 bat skeletons (D:4)
  A bat zombie (D:4)
  4 giant cockroaches
  10 goblins
  8 hobgoblins
  3 jackals (D:2)
  6 quokkas
  2 ball pythons
  10 bats
  A giant gecko skeleton (D:4)
  7 giant newts
  6 kobolds
  9 rats
104 creatures vanquished.

Notes
Turn   | Place    | Note
--------------------------------------------------------------
     0 | D:1      | Korkiloff the Demonspawn Wanderer began the quest for the Orb.
     0 | D:1      | Korkiloff set off with: a potion of heal wounds, a potion of berserk rage, the Tome of Darkness, a potion of curing, a +0 robe, a +0 club, a bread ration
     0 | D:1      | Reached XP level 1. HP: 13/13 MP: 3/3
     2 | D:1      | Learned a level 1 spell: Pain
   288 | D:1      | Found a shattered altar of Ashenzari.
   383 | D:1      | Gained mutation: You are partially covered in rugged brown scales (AC +1, +3% HP). [demonic ancestry]
   383 | D:1      | Reached XP level 2. HP: 7/19 MP: 5/5
  1134 | D:2      | Gained mutation: You sometimes gain a little power by taking damage. [demonic ancestry]
  1134 | D:2      | Reached XP level 3. HP: 21/24 MP: 6/6
  1699 | D:2      | Reached skill level 1 in Slings
  1699 | D:2      | Reached skill level 1 in Necromancy
  1938 | D:2      | Reached XP level 4. HP: 29/31 MP: 6/8
  2190 | D:3      | Noticed Sigmund
  2227 | D:3      | Killed Sigmund
  2227 | D:3      | Reached skill level 1 in Fighting
  2227 | D:3      | Reached skill level 1 in Short Blades
  2227 | D:3      | Reached skill level 3 in Dodging
  2227 | D:3      | Gained mutation: You have large cloven feet. [demonic ancestry]
  2227 | D:3      | Reached XP level 5. HP: 23/38 MP: 9/9
  2227 | D:3      | Reached XP level 6. HP: 26/44 MP: 10/10
  2265 | D:3      | Learned a level 3 spell: Regeneration
  2576 | D:3      | Found a glowing silver altar of Zin.
  3102 | D:4      | Found a shadowy altar of Dithmenos.
  3196 | D:4      | Reached skill level 4 in Dodging
  3261 | D:4      | Gained mutation: You are mostly covered in rugged brown scales (AC +2, +5% HP). [demonic ancestry]
  3261 | D:4      | Reached XP level 7. HP: 45/51 MP: 11/11
  4162 | D:4      | Found an ancient bone altar of Kikubaaqudgha.
  4177 | D:4      | Became a worshipper of Kikubaaqudgha
  4617 | D:3      | HP: 2/78 [something/magic dart (7)]
  4621 | D:3      | Slain by an orc

Vault maps used:
D:1:      scummos_arrival_star, serial_glass, glass_columns_a, glass_columns_c,
          glass_columns_b, glass_columns_a, glass_columns_a, glass_columns_c,
          glass_columns_a, glass_columns_a, glass_columns_a, glass_columns_a,
          glass_columns_c, glass_columns_a, glass_columns_b, glass_columns_a,
          nicolae_ashenzari_panopticon
D:3:      old_standard_altar, hangedman_abyss_or_decor_stabs, uniq_sigmund
D:4:      old_standard_altar, kennysheep_vampire_church

Action                   |  1- 3 |  4- 6 |  7- 9 || total
-------------------------+-------+-------+-------++-------
Melee: Short sword       |   117 |   124 |   148 ||   389
       Club              |     5 |       |       ||     5
 Fire: Hunting sling     |    15 |       |       ||    15
Throw: Tomahawk          |    10 |    27 |    26 ||    63
 Cast: Pain              |    19 |     3 |    15 ||    37
  Use: Potion            |       |     5 |     2 ||     7
 Stab: Sleeping          |       |     1 |     2 ||     3
  Eat: Chunk             |     4 |     5 |     3 ||    12
       Beef jerky        |       |       |     1 ||     1
